 Dungeon Crawl Stone Soup version 0.23-a0-712-g3a644c0 (webtiles) character file.

72 Lilu the Conjurer (level 4, -6/24 HPs)
             Began as a Deep Elf Conjurer on Jan 15, 2019.
             Killed from afar by Sigmund (7 damage)
             ... with a magic dart
             ... on level 2 of the Dungeon.
             The game lasted 00:03:19 (1787 turns).

Lilu the Conjurer (Deep Elf Conjurer)               Turns: 1787, Time: 00:03:20

Health: -6/24      AC:  2    Str:  5    XL:     4   Next: 6%
Magic:  1/12       EV: 14    Int: 21    God:
Gold:   103        SH:  0    Dex: 15    Spells: 8/11 levels left

rFire    . . .     SeeInvis .   (no weapon)
rCold    . . .     Gourm    .   (no shield)
rNeg     . . .     Faith    .   a - +0 robe
rPois    .         Spirit   .   (no helmet)
rElec    .         Reflect  .   (no cloak)
rCorr    .         Harm     .   (no gloves)
MR       .....                  (no boots)
Stlth    ++........             (no amulet)
HPRegen  0.08/turn              (no ring)
MPRegen  0.13/turn              (no ring)

@: no status effects
A: no striking features
a: no special abilities


You were on level 2 of the Dungeon.
You were hungry.

You visited 1 branch of the dungeon, and saw 3 of its levels.

You collected 103 gold pieces.

Inventory:

Hand Weapons
 b - a +0 short sword
Missiles
 j - 14 poisoned needles
Armour
 a - a +0 robe (worn)
Scrolls
 g - a scroll of magic mapping {unknown}
 h - 2 scrolls of teleportation {unknown}
 i - a scroll of blinking {unknown}
 k - a scroll of remove curse {unknown}
 m - 2 scrolls of identify {unknown}
 n - a scroll of immolation {unknown}
Potions
 e - a potion of haste {unknown}
 f - 3 potions of curing {unknown}
 l - a potion of ambrosia {unknown}
 o - 2 potions of flight {unknown}
 p - a potion of agility {unknown}
Comestibles
 c - 4 rations
 d - 5 chunks of flesh


   Skills:
 + Level 3.6 Dodging
 - Level 2.4 Stealth
 + Level 4.2 Spellcasting
 + Level 5.0 Conjurations


You had 8 spell levels left.
You knew the following spells:

 Your Spells              Type           Power        Failure   Level  Hunger
a - Magic Dart            Conj           ####         1%          1    None
b - Searing Ray           Conj           ####..       2%          2    #......

Your spell library contained the following spells:

 Spells                   Type           Power        Failure   Level  Hunger
 Dazzling Spray           Conj/Hex       ###...       12%         3    ###....
 Iskenderun's Mystic Bla  Conj           ####....     14%         4    ####...
 Force Lance              Conj/Tloc      ###.....     38%         4    ####...
 Fulminant Prism          Conj/Hex       ###.......   38%         4    ####...


Dungeon Overview and Level Annotations

Branches:
Dungeon (3/15)

Altars:
Elyvilon

Annotations:
D:1 exclusion: downstairs
D:2 Sigmund


Message History

Something tries to affect you, but you resist.
A puff of flame appears from out of thin air!
The puff of flame hits you!
You are confused.
You bump into the rock wall.
You bump into the rock wall.
You feel less confused.
Casting: Searing Ray (safe; 2% risk of failure)
Confirm with . or Enter, or press ? or * to list all spells.
Aiming: Searing Ray (safe; 2% risk of failure)
Press: ? - help, Shift-Dir - straight line (Press . to maintain the ray.)
You are feeling hungry.
The searing ray hits something.
The searing ray hits something.
Something hits you!
* * * LOW HITPOINT WARNING * * *
The searing ray hits something.
You finish channeling your searing ray.
A magic dart appears from out of thin air!
The magic dart hits you!
You die...

#.####.#.# ##...##.#
#.# #.#.####.....#.#
#.# #<#............#
#.# #....@##.....#.#
#.# #####.###...##.#
.# ##.###.# #.#
#.##..# #.# #..#.##
.<. ##@#.# #.# #.#.#
#.# #.#.# #.# #{#.#
#.##############.#.#
#..(...............#
(....###########.###
####.# #.# ###.###
#.#


There were no monsters in sight!

Vanquished Creatures
  An iguana (D:2)
  An adder zombie (D:1)
  A dart slug (D:2)
  A ball python (D:1)
  A bat zombie (D:1)
  2 giant cockroaches
  3 goblins
  4 hobgoblins (D:1)
  7 bats
  4 frilled lizards
  9 kobolds
  A quokka skeleton (D:2)
  6 rats
41 creatures vanquished.

Notes
Turn   | Place    | Note
-------+----------+-------------------------------------------
     0 | D:1      | Lilu the Deep Elf Conjurer began the quest for the Orb.
     0 | D:1      | Reached XP level 1. HP: 10/10 MP: 6/6
   388 | D:1      | Reached XP level 2. HP: 15/15 MP: 4/8
   392 | D:1      | Learned a level 2 spell: Searing Ray
   846 | D:1      | Reached XP level 3. HP: 19/19 MP: 5/10
  1243 | D:2      | Noticed Sigmund
  1514 | D:2      | You fall through a shaft!
  1514 | D:3      | Found a white marble altar of Elyvilon.
  1658 | D:2      | Reached skill level 5 in Conjurations
  1658 | D:2      | Reached XP level 4. HP: 24/24 MP: 6/12
  1785 | D:2      | HP: 1/24 [something (10)]
  1787 | D:2      | Killed from afar by Sigmund

Vault maps used:
D:1:      saegor_arrival_fortress
D:2:      first_ration, uniq_sigmund
D:3:      lemuel_round_altar, elyvilon_altar_5, nicolae_overflow_crystal_walls,
          uniq_natasha, uniq_crazy_yiuf_cottage

Skill      XL: |  1  2  3 |
---------------+----------+-----
Dodging        | 3 |  3.6
Spellcasting   | 4 |  4.2
Conjurations   | 5 |  5.0
Stealth        | |  2.4

Action                   |  1- 3 |  4- 6 || total
-------------------------+-------+-------++-------
 Cast: Magic Dart        |    83 |       ||    83
       Searing Ray       |     1 |     3 ||     4
  Eat: Chunk             |     2 |       ||     2
Armor: Robe              |     2 |     1 ||     3
Dodge: Dodged            |    12 |     3 ||    15

Table legend:
 A = Non-vault XP
 B = Vault XP
 C = Vault XP percentage of total XP
 D = Non-vault monster count
 E = Vault monster count
 F = Vault count percentage of total count
                 A         B        C        D         E       F
            +---------+---------+-------+---------+---------+-------
      Total |      95 |       8 |   7.8 |      39 |       2 |   4.9
            +---------+---------+-------+---------+---------+-------
        D:1 |      39 |       8 |  17.0 |      26 |       2 |   7.1
        D:2 |      54 |       0 |   0.0 |      11 |       0 |   0.0
        D:3 |       2 |       0 |   0.0 |       2 |       0 |   0.0
            +---------+---------+-------+---------+---------+-------
